 Dungeon Crawl Stone Soup version 0.28.0-53-g5a82cb258f (webtiles) character file.

Game seed: 12084309935039664794

2 fingers the Ruffian (level 1, -1/16 HPs)
             Began as a Draconian Transmuter on May 23, 2022.
             Slain by a ball python (2 damage)
             ... on level 1 of the Dungeon.
             The game lasted 00:00:23 (64 turns).

fingers the Ruffian (Draconian Transmuter)            Turns: 64, Time: 00:00:23

Health: -1/16      AC:  4    Str: 12    XL:     1   Next: 33%
Magic:  3/3        EV: 12    Int: 13    God:
Gold:   21         SH:  0    Dex: 11    Spells: 3/4 levels left

rFire   . . .      SeeInvis .     - Unarmed
rCold   . . .      Faith    .   (no shield)
rNeg    . . .      Spirit   .   (armour unavailable)
rPois   .          Reflect  .   (helmet restricted)
rElec   .          Harm     .   (no cloak)
rCorr   .          Rampage  .   (no gloves)
Will    .....                   (no boots)
Stlth   +.........              (no amulet)
HPRegen 0.05/turn               (no ring)
MPRegen 0.08/turn               (no ring)

@: very slow
A: AC +4, unfitting armour, cold-blooded
a: no special abilities


You were on level 1 of the Dungeon.
You visited 1 branch of the dungeon, and saw 1 of its levels.

You collected 21 gold pieces.

You aren't carrying anything.


   Skills:
 + Level 1.1 Fighting
 + Level 1.8 Dodging
 + Level 3.1 Unarmed Combat
 + Level 2.0 Spellcasting
 + Level 2.0 Transmutations


You had 3 spell levels left.
You knew the following spells:

 Your Spells              Type           Power      Damage    Failure   Level
a - Beastly Appendage     Tmut           12%        N/A       11%         1

Your spell library contained the following spells:

 Spells                   Type           Power      Damage    Failure   Level
 Wereblood                Tmut           6%         N/A       17%         2
 Spider Form              Tmut/Pois      3%         N/A       45%         3
 Ice Form                 Ice/Tmut       3%         N/A       86%         4


Dungeon Overview and Level Annotations

Branches:
Dungeon (1/15)

Altars:


Innate Abilities, Weirdness & Mutations

Your plain brown scales are hard. (AC +4)
You cannot fit into any form of body armour.
You are cold-blooded and may be slowed by cold attacks.


Message History

A quokka comes into view.
Your horns disappear.
Your talons disappear.
The ball python bites you but does no damage.
The ball python barely misses you. The ball python closely misses you.
The ball python misses you. The quokka barely misses you.
You hit the quokka.
The quokka is lightly wounded.
The ball python bites you but does no damage.
The ball python misses you.
The quokka splashes around in the water.
Your unstable footing causes you to fumble your attack.
The ball python bites you. The ball python misses you.
The quokka barely misses you.
You closely miss the quokka.
The quokka is lightly wounded.
The ball python completely misses you. The ball python grabs you.
The ball python constricts you.
The quokka splashes around in the water.
The ball python closely misses you. The ball python constricts you.
You hit the ball python.
The ball python is moderately wounded.
The quokka bites you. The ball python bites you.
The ball python constricts you.
You are too injured to fight recklessly!
Your unstable footing causes you to fumble your attack.
The quokka barely misses you. The ball python barely misses you.
The ball python constricts you.
You hit the quokka.
The quokka is almost dead.
The quokka barely misses you. The ball python barely misses you.
The ball python constricts you. The quokka bites you.
* * * LOW HITPOINT WARNING * * *
The ball python's grasp on you weakens, but your attempt to escape fails.
The ball python barely misses you. The ball python constricts you.
The quokka bites you.
* * * LOW HITPOINT WARNING * * *
You escape the ball python's grasp.
The ball python bites you but does no damage.
The ball python barely misses you. The ball python bites you.
You die...

..P≈≈≈≈#.# ..
...≈≈≈≈..###.
...≈P≈≈≈.#.. ....≈≈≈≈...
...≈≈≈≈....≈.#
..PP≈≈≈≈.#.≈.#
..≈≈≈≈≈≈.#.≈.#.#
..≈≈≈≈Sr.#.≈.#.#.#...≈..
...P≈≈≈@.#.≈.#.#.#.≈≈≈.#
...≈≈≈≈..#.≈.#.#...≈....
..≈≈≈≈≈..#.≈...#.≈≈≈.≈≈≈
..≈≈≈P≈....≈≈≈.#.≈...≈..
#.≈P≈≈..##.#.≈.#.≈.≈≈≈.≈
#.≈≈≈≈..##.#.≈...≈.....≈
...≈≈≈P†.#.#.≈≈≈.≈≈≈.<.≈
..≈≈≈≈≈..#.#...≈...≈....
..≈≈≈≈≈P.#.###.≈≈≈.≈.≈≈≈


You could see a quokka and a ball python.

Vanquished Creatures
  An endoplasm (D:1)
  2 bats (D:1)
3 creatures vanquished.

Notes
Turn   | Place    | Note
-------+----------+-------------------------------------------
     0 | D:1      | fingers the Draconian Transmuter began the quest for the
                  | Orb.
     0 | D:1      | Reached XP level 1. HP: 16/16 MP: 3/3
    64 | D:1      | Slain by a ball python

Illustrated notes

Levels and vault maps discovered:
D:1:      psy_arrival_radial02, layout_basic, chequers_big_river

Action                   || total
-------------------------++-------
Melee: Unarmed           ||     9
       Headbutt          ||     1
 Cast: Beastly Appendage ||     1
Armor: Skin              ||     6
Dodge: Dodged            ||    20
